 Dungeon Crawl Stone Soup version 0.10.0-32-gfa280cc character file.

61319 nono the Warrior (level 15, 0/166 HPs)
             Began as an Ogre Assassin on Mar 10, 2012.
             Was an Elder of Makhleb.
             Slain by an orc warrior
             ... wielding a +0,+0 orcish great mace
             ... led by an orc knight
              (27 damage)
             ... on Level 4 of the Orcish Mines on Mar 11, 2012.
             The game lasted 03:33:12 (47176 turns).

nono the Warrior (Ogre Assassin)                   Turns: 47176, Time: 03:33:13

HP   0/166       AC  6     Str 26      XL: 15   Next: 10%
MP  29/29        EV  9     Int 13      God: Makhleb [****..]
Gold 1728        SH  0     Dex 11      Spells:  3 memorised, 25 levels left

Res.Fire  : + . .   See Invis. : .   b - +2,+0 giant spiked club
Res.Cold  : . . .   Warding    : . . e - +2 elf robe {rN+}
Life Prot.: + . .   Conserve   : .   (shield restricted)
Res.Acid. : . . .   Res.Corr.  : .   f - +1 wizard hat {Int+3}
Res.Poison: .       Clarity    : .   B - -1 cloak
Res.Elec. : .       Spirit.Shd : .   (gloves unavailable)
Sust.Abil.: . .     Stasis     : .   (boots unavailable)
Res.Mut.  : .       Ctrl.Telep.: .   Y - amulet of the gourmand
Res.Rott. : .       Levitation : .   o - ring of sustenance
Gourmand  : +       Ctrl.Flight: .   d - +1 ring of strength

@: quite resistant to hostile enchantments, fairly stealthy
A: unfitting armour, horns 1, fire resistance 1, fast metabolism 1, saprovore 1,
tough skin 1
a: Minor Destruction, Lesser Servant of Makhleb, Major Destruction, Renounce
Religion


You were on level 4 of the Orcish Mines.
You worshipped Makhleb.
Makhleb was extremely pleased with you.
You were hungry.

You visited 5 branches of the dungeon, and saw 28 of its levels.
You visited 1 Labyrinth.
You visited 1 portal chamber: ossuary.

You collected 1810 gold pieces.
You spent 132 gold pieces at shops.

Inventory:

Hand weapons
 a - a +1,+2 flail of holy wrath
 b - a +2,+0 giant spiked club (weapon)
 y - a +3,-4 flail of protection
 J - a +0 blowgun
Missiles
 C - a +0 large rock (quivered)
 F - a +0 throwing net
Armour
 e - a +2 elven robe of positive energy (worn)
 f - a +1 wizard hat of intelligence (worn)
 h - a -1 robe of fire resistance
 u - a +1 shield of poison resistance
 B - a -1 cloak (worn)
Magical devices
 w - a wand of confusion (7)
 z - a wand of enslavement (8)
 H - a wand of fire (0)
 I - a wand of fire (3)
 M - a wand of confusion (5)
 O - a wand of digging (7)
 Q - a wand of draining (0)
 R - a wand of fire (0)
 U - a wand of fireball (8)
 X - a wand of digging (5)
Comestibles
 g - 9 meat rations
 l - a beef jerky
 m - 7 bread rations
 W - a royal jelly
Scrolls
 i - 7 scrolls of identify
 n - 2 scrolls of teleportation
 p - 3 scrolls of detect curse
 q - 2 scrolls of remove curse
 t - a scroll of fog
 E - a scroll of magic mapping
 K - 2 scrolls of recharging
 L - a scroll of amnesia {unknown}
 T - 4 scrolls of enchant armour {unknown}
Jewellery
 d - a +1 ring of strength (left hand)
 j - a cursed ring of teleportation
 k - an uncursed ring of wizardry
 o - a ring of sustenance (right hand)
 x - an uncursed ring of levitation
 N - an uncursed ring of protection from fire
 S - an uncursed ring of sustenance
 Y - an amulet of the gourmand (around neck)
Potions
 c - a potion of might
 r - 2 potions of heal wounds
 v - 3 potions of levitation
 A - 5 potions of restore abilities
 D - 5 potions of curing
 G - 4 potions of brilliance
Magical staves
 s - a staff of death


   Skills:
 * Level 19.5 Fighting
 * Level 18.0 Maces & Flails
 * Level 13.4 Throwing
 - Level 0.8 Dodging
 - Level 2.4 Stealth
 - Level 1.5 Stabbing
 - Level 8.0 Traps & Doors
 + Level 8.2 Spellcasting
 + Level 4.4 Hexes
 + Level 4.3 Charms


You had 25 spell levels left.
You knew the following spells:

 Your Spells              Type           Power        Failure   Level  Hunger
a - Summon Small Mammals  Summ           ##...        14%         1    None
b - Ensorcelled Hibernat  Ice/Hex        ###....      10%         2    None
c - Swiftness             Air/Chrm       ###.......   10%         2    None


Dungeon Overview and Level Annotations

Branches:
Dungeon (14/27)            Temple (1/1) D:4             Orc (4/4) D:11
    Elf (0/5) Orc:3          Lair (8/8) D:12         Shoals (0/5) Lair:3
  Slime (1/6) Lair:6        Snake (0/5) Lair:6
  Vault: D:14-19

Altars:
Ashenzari
Cheibriados
Elyvilon
Fedhas
Kikubaaqudgha
Makhleb
Nemelex Xobeh
Okawaru
Sif Muna
The Shining One
Trog
Vehumet
Xom
Yredelemnul
Zin

Shops:
D:4: ( D:5: +!%

Annotations
D:12 tripleh's ghost, powerful HODK


Innate Abilities, Weirdness & Mutations

You are too large for most types of armour.
You have a fast metabolism.
You can tolerate rotten meat.
You have tough skin (AC +1).
You have a pair of small horns on your head.
Your flesh is heat resistant.


Message History

You closely miss the orc knight. Your headbutt misses the orc knight.
The orc knight is moderately wounded.
The orc warrior hits you with an orcish great mace!
It hits you but does no damage.
You barely miss the orc knight.
The orc knight is moderately wounded.
The orc knight hits you with a runed orcish halberd!
The magic dart hits you!
You bludgeon the orc knight!! Your headbutt misses the orc knight.
The orc knight is severely wounded.
The orc knight hits you with a runed orcish halberd!
The orc warrior hits you with an orcish great mace!
* * * LOW HITPOINT WARNING * * *
It hits you but does no damage.
The orc knight hits you from afar with a runed orcish halberd!
* * * LOW HITPOINT WARNING * * *
Things that are here:
a glowing orcish hand axe; an orcish leather armour The orc warrior hits you with an orcish great mace!
You die...

##.....#..##.................)...
#................................
##.###.#...[.....................
### ######......................
##.##.#................
###.##................
#.................... .
##................... .$.
##..@#............... ....
#..o)..............#. .....#
#...##............... .......
##.o.###.............
.......####..).#........).....
.....$..{#[...##.......)<))...
##.......)))...###.............
#....{{.o####### ##############
........##


You could see an orc knight and an orc warrior (frenzied).

Vanquished Creatures
  A minotaur (Lab)
  8 hydras
  Harold (D:10)
  An ice dragon (Lair:8)
  8 death yaks (Lair:7)
  A centaur warrior (D:12)
  A giant amoeba (Slime:1)
  3 hill giants
  3 griffons
  An oklob plant (Lair:8)
  A cyclops (D:11)
  2 feature mimics
  26 elephants
  An elephant slug (Lair:8)
  5 black mambas
  24 spiny frogs
  A hill giant zombie (D:13)
  2 trolls
  An elf zombie (Port)
  5 komodo dragons
  3 polar bears
  A rock troll zombie (D:13)
  A two-headed ogre (D:13)
  16 blink frogs
  2 brown oozes (Slime:1)
  2 basilisks
  A wyvern (Lair:8)
  10 hippogriffs
  4 fire drakes
  Eustachio (D:6)
  30 yaks
  2 hungry ghosts (D:9)
  12 vampire mosquitoes
  2 manticores
  14 war dogs
  Edmund (D:5)
  Menkaure (D:5)
  A phantom (D:8)
  2 black bears
  8 centaurs
  8 orc warriors
  9 ogres
  4 wolves (Lair:8)
  An ice beast (D:9)
  A boring beetle (Lair:8)
  3 big kobolds (D:9)
  14 water moccasins
  3 wargs
  A lava worm (Lair:7)
  Duvessa (D:4)
  11 crocodiles
  2 giant leeches (Lair:8)
  16 giant frogs
  5 giant slugs
  4 gnoll sergeants
  A basilisk zombie (D:11)
  6 agate snails
  A centaur zombie (Port)
  An eye of draining (Slime:1)
  A water moccasin skeleton (D:5)
  5 jellyfish (Lair:8)
  15 killer bees
  7 wights
  A big kobold zombie (Port)
  9 crimson imps
  A goliath beetle (D:7)
  Dowan (D:4)
  A shadow (D:11)
  9 big fish (Lair:8)
  17 orc priests
  4 gnoll shamans
  27 hounds
  Crazy Yiuf (D:5)
  9 iguanas
  3 porcupines
  3 scorpions
  6 worker ants
  13 orc wizards
  13 sheep
  11 jellies
  Terence (D:3)
  2 mummies (Port)
  29 adders
  38 gnolls
  68 green rats
  A scorpion zombie (D:8)
  An adder skeleton (D:6)
  4 adder zombies (Port)
  3 giant centipedes
  2 giant mites (Lair:7)
  6 worms
  An ufetubus (D:6)
  A bat zombie (D:5)
  6 giant eyeballs
  4 giant geckos
  4 oozes
  116 orcs
  2 ball pythons
  30 goblins
  19 hobgoblins
  24 jackals
  24 kobolds
  6 quokkas
  26 bats
  11 giant cockroaches
  4 giant newts
  A giant spore (D:9)
  A goblin zombie (Port)
  10 hobgoblin zombies
  2 jackal zombies (Port)
  13 kobold zombies (Port)
  3 orc skeletons
  5 orc zombies
  32 rats
  A rat zombie (Port)
  2 ballistomycetes (D:9)
  5 fungi
  10 plants
  27 toadstools
1004 creatures vanquished.

Vanquished Creatures (others)
  A spiny frog (Lair:6)
  2 blink frogs (Lair:8)
  A war dog (Lair:8)
  2 giant frogs (Lair:8)
  A scorpion (D:11)
  A porcupine (Lair:5)
  A human (D:3)
  A grey rat (D:6)
  2 jackals (Lair:6)
  A giant newt (D:9)
  A kobold (D:2)
  3 rats
  29 fungi
  26 plants
  131 toadstools
203 creatures vanquished.

Grand Total: 1207 creatures vanquished

Notes
Turn   | Place    | Note
--------------------------------------------------------------
     0 | D:1      | nono, the Ogre Assassin, began the quest for the Orb.
     0 | D:1      | Reached XP level 1. HP: 19/19 MP: 0/0
    93 | D:1      | Reached skill level 3 in Fighting
   192 | D:1      | Reached XP level 2. HP: 21/27 MP: 1/1
   425 | D:1      | Reached skill level 4 in Fighting
   945 | D:2      | Reached XP level 3. HP: 35/35 MP: 2/2
  1195 | D:3      | Found a deep blue altar of Sif Muna.
  1218 | D:2      | Reached skill level 5 in Fighting
  1415 | D:3      | Reached XP level 4. HP: 39/44 MP: 3/3
  1527 | D:3      | Noticed Terence
  1573 | D:3      | Killed Terence
  1812 | D:3      | Reached skill level 6 in Fighting
  1900 | D:3      | Found a basalt altar of Yredelemnul.
  2118 | D:3      | Found an ancient bone altar of Kikubaaqudgha.
  2301 | D:3      | Reached XP level 5. HP: 50/52 MP: 4/4
  3012 | D:2      | Found a glowing golden altar of the Shining One.
  3836 | D:4      | Reached XP level 6. HP: 40/62 MP: 5/5
  4158 | D:3      | Reached skill level 7 in Fighting
  4474 | D:4      | Noticed Duvessa
  4474 | D:4      | Noticed Dowan
  5080 | D:4      | Found a staircase to the Ecumenical Temple.
  5100 | D:4      | Killed Duvessa
  5102 | D:5      | Entered Level 5 of the Dungeon
  5330 | Temple   | Entered the Ecumenical Temple
  5623 | D:4      | Killed Dowan
  5799 | D:4      | Found Iraul's Weapon Shop.
  5865 | D:5      | Found Nusioh's Distillery.
  5871 | D:5      | Paralysed by a giant eyeball for 2 turns
  5909 | D:5      | Bought a potion of heal wounds for 33 gold pieces
  5910 | D:5      | Bought a potion of mutation for 33 gold pieces
  5911 | D:5      | Gained mutation: You have a pair of small horns on your head.
  5911 | D:5      | Gained mutation: Your muscles are flexible, but weak (Str -1, Dex +1).
  5911 | D:5      | Gained mutation: Your flesh is heat resistant.
  5912 | D:5      | Bought a potion of berserk rage for 33 gold pieces
  5912 | D:5      | Bought a potion of heal wounds for 33 gold pieces
  5935 | D:5      | Reached skill level 8 in Fighting
  5935 | D:5      | Reached XP level 7. HP: 57/71 MP: 6/6
  6017 | D:5      | Noticed Menkaure
  6059 | D:4      | Reached skill level 5 in Throwing
  6155 | D:5      | Killed Menkaure
  6923 | D:5      | Reached skill level 9 in Fighting
  6923 | D:5      | Reached skill level 5 in Maces & Flails
  7179 | D:4      | Reached XP level 8. HP: 15/81 MP: 7/7
  7588 | D:5      | Found Pewoashe's Food Shop.
  8432 | D:5      | Reached skill level 10 in Fighting
  8689 | D:5      | Paralysed by a giant eyeball for 2 turns
  8928 | D:5      | Noticed Edmund
  8977 | D:5      | Killed Edmund
  9403 | D:5      | Noticed Crazy Yiuf
  9412 | D:5      | Killed Crazy Yiuf
  9778 | D:5      | Reached XP level 9. HP: 65/91 MP: 8/8
 10165 | D:5      | Found Wiabrae's Book Boutique.
 10316 | D:6      | Noticed Eustachio
 10351 | D:6      | Killed Eustachio
 10351 | D:6      | Reached skill level 11 in Fighting
 11880 | D:7      | Found a sand-covered staircase. 11887
                  | ossuary
                  | Entered a tomb 11998
                  | ossuary
                  | Reached skill level 12 in Fighting
 12946 | D:9      | Reached XP level 10. HP: 54/104 MP: 9/9
 13224 | D:8      | You fall through a shaft!
 13224 | D:10     | Entered Level 10 of the Dungeon
 13399 | D:10     | Reached skill level 10 in Maces & Flails
 13399 | D:10     | Reached skill level 1 in Traps & Doors
 13487 | D:10     | Found a white marble altar of Elyvilon.
 13767 | D:10     | Reached skill level 13 in Fighting
 14389 | D:9      | Reached skill level 14 in Fighting
 14879 | D:10     | Noticed Harold
 15632 | D:9      | Reached XP level 11. HP: 88/115 MP: 11/11
 15748 | D:9      | Reached skill level 1 in Spellcasting
 15931 | D:9      | Paralysed by a giant eyeball for 2 turns
 16078 | D:10     | Killed Harold
 17191 | D:11     | Reached skill level 15 in Fighting
 17921 | D:11     | You fall through a shaft!
 17921 | D:14     | Entered Level 14 of the Dungeon
 19027 | D:11     | Found a staircase to the Orcish Mines.
 19187 | D:12     | Found a staircase to the Lair.
 19188 | D:12     | Noticed tripleh's ghost (powerful HODK)
 20222 | D:12     | Reached XP level 10. HP: 100/109 MP: 17/17
 21170 | D:12     | Reached skill level 16 in Fighting
 21170 | D:12     | Reached skill level 5 in Traps & Doors
 21231 | Lair:1   | Entered Level 1 of the Lair of Beasts
 21273 | Lair:1   | Found a bloodstained altar of Trog.
 21521 | Lair:1   | Reached XP level 11. HP: 117/119 MP: 18/18
 22734 | Lair:3   | Learned a level 1 spell: Summon Small Mammals
 23213 | Lair:3   | Found a staircase to the Shoals.
 24252 | Lair:3   | Reached skill level 15 in Maces & Flails
 24917 | Lair:4   | Found a labyrinth entrance.
 24930 | Lab      | Entered a Labyrinth
 25764 | Lab      | Reached XP level 12. HP: 85/131 MP: 19/21
 25782 | Lab      | Learned a level 2 spell: Ensorcelled Hibernation
 25785 | Lab      | Got a conspicuous book
 25984 | Lair:4   | Reached skill level 17 in Fighting
 26119 | Lair:4   | Reached skill level 10 in Throwing
 26466 | Lair:4   | Reached skill level 5 in Spellcasting
 26481 | Lair:4   | Learned a level 2 spell: Swiftness
 26491 | Lair:4   | Identified a scroll of acquirement
 26964 | Lair:5   | Reached skill level 1 in Hexes
 27638 | Lair:5   | Reached skill level 1 in Charms
 28479 | Lair:6   | Found a staircase to the Snake Pit.
 29829 | Lair:7   | Reached XP level 13. HP: 133/141 MP: 24/24
 30417 | Lair:8   | Entered Level 8 of the Lair of Beasts
 31795 | Lair:8   | Reached skill level 18 in Fighting
 35571 | Lair:8   | Reached XP level 14. HP: 70/154 MP: 27/27
 35869 | Lair:8   | Found a snail-covered altar of Cheibriados.
 39390 | Lair:8   | Reached skill level 19 in Fighting
 41123 | Lair:8   | HP: 1/156 [blink frog (17)]
 42401 | Lair:8   | Got an ancient robe
 42408 | Lair:8   | Identified the cursed -4 robe of Veenod (You found it on level 8 of the Lair of Beasts)
 42924 | Lair:6   | Found a staircase to the Slime Pits.
 43007 | Slime:1  | Entered Level 1 of the Pits of Slime
 43609 | Lair:6   | Reached XP level 15. HP: 117/166 MP: 29/29
 43879 | Lair:8   | Lost mutation: Your muscles are flexible, but weak (Str -1, Dex +1).
 44989 | Temple   | Became a worshipper of Makhleb the Destroyer
 45289 | Orc:1    | Entered Level 1 of the Orcish Mines
 45690 | Orc:2    | Acquired Makhleb's first power
 45878 | Orc:3    | Found a staircase to the Elven Halls.
 46193 | Orc:3    | Found a glowing silver altar of Zin.
 46266 | Orc:3    | Acquired Makhleb's second power
 46759 | Orc:4    | Entered Level 4 of the Orcish Mines
 46787 | Orc:4    | Acquired Makhleb's third power
 47154 | Orc:4    | Acquired Makhleb's fourth power
 47176 | Orc:4    | Slain by an orc warrior
